 Dungeon Crawl Stone Soup version 0.30-a0-626-gd6a5dd7a1f (webtiles) character file.

Game seed: 8420417536718633289

143 NinjaNoafa the Reanimator (level 5, 0/37 HPs)
             Began as a Gnoll Wanderer on Jan 11, 2023.
             Slain by a giant cockroach (2 damage)
             ... on level 4 of the Dungeon.
             The game lasted 00:04:22 (2312 turns).

NinjaNoafa the Reanimator (Gnoll Wanderer)          Turns: 2312, Time: 00:04:22

Health: 0/37       AC:  0    Str: 12    XL:     5   Next: 25%
Magic:  0/9        EV: 11    Int: 15    God:
Gold:   88         SH:  0    Dex:  9    Spells: 6/10 levels left

rFire   . . .      SeeInvis .    h - +0 morningstar
rCold   . . .      Faith    .    (no shield)
rNeg    . . .      Spirit   .    (no body armour)
rPois   .          Reflect  .    (no helmet)
rElec   .          Harm     .    (no cloak)
rCorr   .          Rampage  .    (no gloves)
Will    .....                    (no boots)
Stlth   +                        (no amulet)
HPRegen 0.26/turn                (no ring)
MPRegen 0.11/turn                (no ring)

@: hasted, very quick
A: fangs 1, strong nose, distributed training
a: no special abilities


You were on level 4 of the Dungeon.
You visited 1 branch of the dungeon, and saw 4 of its levels.

You collected 88 gold pieces.

Inventory:

Hand Weapons
 h - a +0 morningstar (weapon)
 i - a +0 mace of holy wrath
Scrolls
 b - 2 scrolls of fog
 e - a scroll of noise {unknown}
 f - a scroll of identify {unknown}
 k - a scroll of amnesia {unknown}
Potions
 a - a potion of degeneration {unknown}
 c - a potion of curing {unknown}
 d - a potion of haste
 g - a potion of might {unknown}
 j - a potion of lignification {unknown}


   Skills:
 + Level 1.4 Fighting
 + Level 1.4 Short Blades
 + Level 1.4 Long Blades
 + Level 1.4 Axes
 + Level 1.4 Maces & Flails
 + Level 1.4 Polearms
 + Level 1.4 Staves
 + Level 1.4 Ranged Weapons
 + Level 1.4 Throwing
 + Level 6.7 Armour
 + Level 1.4 Dodging
 + Level 1.4 Stealth
 + Level 1.4 Shields
 + Level 1.4 Unarmed Combat
 + Level 3.1 Spellcasting
 + Level 1.1 Conjurations
 + Level 1.1 Hexes
 + Level 1.1 Summonings
 + Level 8.8 Necromancy
 + Level 1.1 Translocations
 + Level 1.1 Transmutations
 + Level 1.1 Fire Magic
 + Level 1.1 Ice Magic
 + Level 2.4 Air Magic
 + Level 1.1 Earth Magic
 + Level 1.1 Poison Magic
 + Level 1.6 Invocations
 + Level 1.4 Evocations


You had 6 spell levels left.
You knew the following spells:

 Your Spells              Type           Power      Damage    Failure   Level
a - Necrotise             Necr           100%       1d9       1%          1
b - Shock                 Conj/Air       28%        1d4       10%         1
c - Cigotuvi's Dreadful   Necr/Pois/Air  28%        N/A       5%          2

Your spell library contained the following spells:

 Spells                   Type           Power      Damage    Failure   Level
 Swiftness                Air            9%         N/A       22%         3
 Anguish                  Hex/Necr       8%         N/A       26%         4
 Tukima's Dance           Hex            5%         N/A       36%         3
 Passage of Golubria      Tloc           5%         N/A       77%         4
 Yara's Violent Unravell  Hex/Tmut       2%         3d3       98%         5


Dungeon Overview and Level Annotations

Branches:
Dungeon (4/15)
 Temple: D:4-7

Altars:


Innate Abilities, Weirdness & Mutations

You have very sharp teeth.
Your uncanny sense of smell can sniff out nearby items.
Your experience applies equally to all skills.


Message History

You sock the rat!
You kill the rat!
The giant cockroach misses you.
Your iguana skeleton closely misses the giant cockroach.
The giant cockroach bites you.
* * * LOW HITPOINT WARNING * * *
You barely miss the giant cockroach.
Your iguana skeleton crumbles into dust!
The giant cockroach barely misses you. The giant cockroach bites you.
* * * LOW HITPOINT WARNING * * *
The giant cockroach attacks as you move away!
The giant cockroach bites you.
* * * LOW HITPOINT WARNING * * *
The giant cockroach barely misses you.
The giant cockroach attacks as you move away!
The giant cockroach bites you.
* * * LOW HITPOINT WARNING * * *
Casting: Necrotise (safe; 1% risk of failure)
Confirm with . or Enter, or press ? or * to list all spells.
Aiming: Necrotise (safe; 1% risk of failure)
Press: ? - help, Shift-Dir - straight line, f - giant cockroach
Aim: a giant cockroach (chance to affect: 93%)
The giant cockroach writhes in agony.
The giant cockroach bites you.
* * * LOW HITPOINT WARNING * * *
The giant cockroach attacks as you move away!
The giant cockroach closely misses you. The giant cockroach bites you.
* * * LOW HITPOINT WARNING * * *
The giant cockroach attacks as you move away!
The giant cockroach bites you.
* * * LOW HITPOINT WARNING * * *
Casting: Necrotise (safe; 1% risk of failure)
Confirm with . or Enter, or press ? or * to list all spells.
Aiming: Necrotise (safe; 1% risk of failure)
Press: ? - help, Shift-Dir - straight line, f/p - giant cockroach
Aim: a giant cockroach (heavily wounded, chance to affect: 93%)
The giant cockroach writhes in agony.
The giant cockroach bites you.
* * * LOW HITPOINT WARNING * * *
It was a potion of haste.
You feel yourself speed up. The giant cockroach bites you.
You die...

##.# #.. #######.#
........# ######..# .
########..#####
#...###.............#
#
#~....#.######.>###.#
#~#~..#...######@.#
#~~~~. #......B..#
#~#~..# #....w....#
#~~~...##...#######
#~#....†)...#
#~~~..$....##
#~~...####.# #####
#.# #.#


You could see a worm and a giant cockroach.

Vanquished Creatures
  An iguana (D:4)
  5 adders
  A river rat (D:4)
  A worm (D:2)
  6 endoplasms
  7 giant cockroaches
  5 goblins
  5 hobgoblins (D:2)
  2 jackals (D:2)
  4 kobolds
  2 quokkas
  6 ball pythons
  6 bats
  A frilled lizard (D:1)
  5 rats
57 creatures vanquished.

Vanquished Creatures (collateral kills)
  A rat (D:1)
1 creature vanquished.

Grand Total: 58 creatures vanquished

Notes
Turn   | Place    | Note
-------+----------+-------------------------------------------
     0 | D:1      | NinjaNoafa the Gnoll Wanderer began the quest for the Orb.
     0 | D:1      | NinjaNoafa set off with the following items: a +0 club, a
                  | scroll of fog, a +0 scale mail; and the following spells
                  | available to memorise: Necrotise, Cigotuvi's Dreadful Rot,
                  | Shock, Swiftness, Anguish.
     0 | D:1      | Reached XP level 1. HP: 13/13 MP: 4/4
    19 | D:1      | Learned a level 1 spell: Necrotise
    21 | D:1      | Learned a level 1 spell: Shock
   122 | D:1      | Reached XP level 2. HP: 17/19 MP: 1/5
   250 | D:1      | Found a faded altar of an unknown god.
   626 | D:1      | Reached XP level 3. HP: 25/25 MP: 5/7
   633 | D:1      | Learned a level 2 spell: Cigotuvi's Dreadful Rot
   983 | D:2      | Reached skill level 1 in Invocations
  1096 | D:2      | Reached skill level 1 in Fighting
  1096 | D:2      | Reached skill level 1 in Short Blades
  1096 | D:2      | Reached skill level 1 in Long Blades
  1096 | D:2      | Reached skill level 1 in Axes
  1096 | D:2      | Reached skill level 1 in Maces & Flails
  1096 | D:2      | Reached skill level 1 in Polearms
  1096 | D:2      | Reached skill level 1 in Staves
  1096 | D:2      | Reached skill level 1 in Ranged Weapons
  1096 | D:2      | Reached skill level 1 in Throwing
  1096 | D:2      | Reached skill level 1 in Dodging
  1096 | D:2      | Reached skill level 1 in Stealth
  1096 | D:2      | Reached skill level 1 in Shields
  1096 | D:2      | Reached skill level 1 in Unarmed Combat
  1096 | D:2      | Reached skill level 1 in Evocations
  1232 | D:2      | Reached XP level 4. HP: 28/32 MP: 8/8
  1679 | D:2      | Reached skill level 1 in Conjurations
  1679 | D:2      | Reached skill level 1 in Hexes
  1679 | D:2      | Reached skill level 1 in Summonings
  1679 | D:2      | Reached skill level 1 in Translocations
  1679 | D:2      | Reached skill level 1 in Transmutations
  1679 | D:2      | Reached skill level 1 in Fire Magic
  1679 | D:2      | Reached skill level 1 in Ice Magic
  1679 | D:2      | Reached skill level 1 in Earth Magic
  1679 | D:2      | Reached skill level 1 in Poison Magic
  2237 | D:3      | You fall into a shaft and drop 1 floor!
  2273 | D:4      | Reached XP level 5. HP: 37/37 MP: 4/9
  2312 | D:4      | Slain by a giant cockroach

Illustrated notes

Levels and vault maps discovered:
D:1:      wander_arrival_desolate, layout_loops_ring,
          ebering_ecumenical_altar_petrified, minmay_worlds_worst_comb
D:2:      minmay_general_purpose_star, layout_basic, chequers_mini_garden,
          minivault_14
D:3:      layout_basic, grunt_decor_cap, uniq_crazy_yiuf_cottage
D:4:      layout_loops_ring, temple_hall, lightli_sewer_entry_pipes

Skill      XL: |  1  2  3  4 |
---------------+-------------+-----
Air Magic      | 2 |  2.4
Invocations    | 1 |  1.6
Fighting       | 1 |  1.4
Short Blades   | 1 |  1.4
Long Blades    | 1 |  1.4
Axes           | 1 |  1.4
Maces & Flails | 1 |  1.4
Polearms       | 1 |  1.4
Staves         | 1 |  1.4
Ranged Weapons | 1 |  1.4
Throwing       | 1 |  1.4
Dodging        | 1 |  1.4
Stealth        | 1 |  1.4
Shields        | 1 |  1.4
Unarmed Combat | 1 |  1.4
Evocations     | 1 |  1.4
Spellcasting   | 3 |  3.1
Conjurations   | 1 |  1.1
Hexes          | 1 |  1.1
Summonings     | 1 |  1.1
Translocations | 1 |  1.1
Transmutations | 1 |  1.1
Fire Magic     | 1 |  1.1
Ice Magic      | 1 |  1.1
Earth Magic    | 1 |  1.1
Poison Magic   | 1 |  1.1
Armour         | |  6.7
Necromancy     | |  8.8

Action                   |  1- 3 |  4- 6 || total
-------------------------+-------+-------++-------
Melee: Club              |     6 |       ||     6
       Dagger            |     4 |       ||     4
       Bite              |     1 |     3 ||     4
       Whip              |     4 |       ||     4
       Morningstar       |     2 |    16 ||    18
 Cast: Necrotise         |    42 |    43 ||    85
       Shock             |     1 |     1 ||     2
       Cigotuvi's Dreadf |     1 |       ||     1
  Use: Potion            |       |     1 ||     1
Dodge: Dodged            |    19 |    31 ||    50

Table legend: (Time is in decaauts)
 A = Elapsed time spent in this place.
 B = Non-inter-level travel time spent in this place.
 C = Inter-level travel time spent in this place.
 D = Time resting spent in this place.
 E = Time spent auto-exploring this place.
 F = Levels seen in this place.
 G = Mean time per level.
                   A        B        C        D        E       F      G
               +--------+--------+--------+--------+--------+-----+--------+
         Total |   2322 |   2217 |    105 |      0 |   1897 |   4 |  580.5 |
       Dungeon |   2322 |   2217 |    105 |      0 |   1897 |   4 |  580.5 |
               +--------+--------+--------+--------+--------+-----+--------+

Top non-repeatable levels by time:
     D:2: 1262 daAuts
     D:1: 981 daAuts
     D:4: 78 daAuts
